 Dungeon Crawl Stone Soup version 0.32-a0-450-g080537f31e (webtiles) character file.

Game seed: 9018917785086538969

152 Persephone the Ruffian (level 5, -4/25 (28) HPs)
             Began as a Vine Stalker Fighter on Feb 23, 2024.
             Was an Initiate of Beogh.
             Slain by an orc priest
             ... wielding a +0 flail of draining
              (8 damage)
             ... on level 4 of the Dungeon.
             The game lasted 00:03:41 (2183 turns).

Persephone the Ruffian (Vine Stalker Fighter)       Turns: 2183, Time: 00:03:41

HP:   -4/25 (28)    AC: 11    Str: 21    XL:     5   Next: 34%
MP:   0/6           EV:  9    Int:  8    God:    Beogh [......]
Gold: 131           SH:  5    Dex: 13    Spells: 4/4 levels left

rFire   . .          .
                       - Unarmed
rCold   . . .        b - +0 buckler
rNeg    . . .        a - +0 scale mail
rPois   .            (no helmet)
rElec   .            k - +0 cloak
rCorr   .            f - +2 pair of gloves {Stlth+}
SInv    .            (no boots)
Will    .....        (no amulet)
Stlth   +            (no ring)
HPRegen 1.04/turn    (no ring)
MPRegen 0.10/turn

%: guardian spirit
@: mighty, heavily drained
A: fangs 2, regeneration 1, magic shield, antimagic bite, no potion heal 2
a: Renounce Religion


You were on level 4 of the Dungeon.
You worshipped Beogh.
Beogh was noncommittal.
You visited 1 branch of the dungeon, and saw 4 of its levels.

You collected 131 gold pieces.

Inventory:

Armour
 a - a +0 scale mail (worn)
 b - a +0 buckler (worn)
 f - a +2 pair of gloves of stealth (worn)
 k - a +0 cloak (worn)
Wands
 o - a wand of digging (3)
Scrolls
 g - a scroll of immolation
 j - a scroll of fog {unknown}
 l - a scroll of blinking {unknown}
 n - 3 scrolls of teleportation {unknown}
 q - a scroll of revelation {unknown}
 r - a scroll of summoning {unknown}
Potions
 d - 4 potions of curing
 e - a potion of invisibility {unknown}
 h - a potion of brilliance {unknown}
 i - a potion of degeneration {unknown}
 m - 2 potions of haste {unknown}
 p - a potion of lignification {unknown}


   Skills:
 + Level 3.3 Fighting
 + Level 3.0 Armour
 + Level 3.3 Shields
 * Level 3.7 Unarmed Combat


You had 4 spell levels left.
You didn't know any spells.
Your spell library contained the following spells:

 Spells                   Type           Power      Damage    Failure   Level
 Foxfire                  Conj/Fire      0%         2x1d4     82%         1
 Static Discharge         Conj/Air       0%         3-3/arc   91%         2
 Airstrike                Air            0%         2d(0-16)  100%        4
 Animate Armour           Summ/Erth      0%         N/A       100%        4
 Summon Lightning Spire   Summ/Air       0%         N/A       100%        4
 Lee's Rapid Deconstruct  Erth           0%         3d4*      100%        5
 Plasma Beam              Fire/Air       0%         2x1d10    100%        6
 Starburst                Conj/Fire      0%         6d3       100%        6


Dungeon Overview and Level Annotations

Branches:
Dungeon (4/15)
 Temple: D:4-7

Altars:
Elyvilon
Fedhas
Vehumet

Shops:
D:1 [


Innate Abilities, Weirdness & Mutations

You have extremely sharp teeth.
Your natural rate of healing is unusually fast.
When hurt, damage is shared between your health and your magic reserves.
Your bite disrupts and absorbs the magic of your enemies.
Potions cannot restore your health.


Message History

The orc priest is lightly wounded.
The orc hits you but does no damage. The orc barely misses you.
The orc priest closely misses you.
You barely miss the orc priest.
The orc priest is lightly wounded.
The orc hits you with a +0 dagger. The orc priest barely misses you.
The orc hits you but does no damage.
You hit the orc priest. You bite the orc priest. You drain its power.
You feel invigorated.
The orc priest is heavily wounded.
The orc completely misses you. You block the orc's attack.
The orc priest hits you with a +0 flail of draining.
You feel drained.
You barely miss the orc priest.
The orc priest is heavily wounded.
The orc closely misses you. The orc priest barely misses you.
The orc hits you but does no damage.
You hit the orc priest. Your bite misses the orc priest.
The orc priest is heavily wounded.
The orc misses you.
The orc priest hits you but does no damage.
You feel drained. You block the orc's attack.
You hit the orc priest but do no damage.
The orc priest is heavily wounded.
You block the orc's attack.
The orc priest invokes the aid of Beogh against you.
Beogh smites you!
* * * LOW HITPOINT WARNING * * *
The orc hits you but does no damage.
You hit the orc priest but do no damage.
The orc priest is heavily wounded.
The orc priest barely misses you. The orc closely misses you.
You block the orc's attack.
It was a potion of curing.
That felt strangely inert.
The orc closely misses you. You block the orc's attack.
You block the orc priest's attack.
You feel very mighty all of a sudden.
The orc priest hits you with a +0 flail of draining!
You die...
Beogh appreciates the orc priest's killing of a heretic priest.

####
##)..##
#@o...#
#.oo.....#
#........#
##.......#
##.....##
##...#..
.......
..##<##


You could see an orc priest and 2 orcs.

Vanquished Creatures
  An orc priest (D:4)
  2 orc wizards (D:3)
  An adder (D:3)
  A dart slug (D:1)
  A ribbon worm (D:2)
  4 orcs (D:3)
  7 ball pythons
  4 bats
  5 endoplasms
  A giant cockroach (D:2)
  3 goblins
  5 hobgoblins
  4 jackals (D:1)
  5 kobolds
  2 quokkas (D:1)
  4 frilled lizards
  4 rats
54 creatures vanquished.

Notes
Turn   | Place    | Note
-------+----------+-------------------------------------------
     0 | D:1      | Persephone the Vine Stalker Fighter began the quest for the
                  | Orb.
     0 | D:1      | Reached XP level 1. HP: 11/11 MP: 2/2
   157 | D:1      | Reached XP level 2. HP: 13/16 MP: 3/3
   455 | D:1      | Reached XP level 3. HP: 17/19 MP: 2/4
   472 | D:1      | Found Zaxul's Antique Armour Boutique.
   528 | D:1      | Found a faded altar of an unknown god.
  1490 | D:2      | Identified a scroll of acquirement
  1492 | D:2      | Acquired a +2 pair of gloves of stealth
  1581 | D:3      | Found a blossoming altar of Fedhas.
  1581 | D:3      | Found a white marble altar of Elyvilon.
  1651 | D:3      | Reached XP level 4. HP: 24/24 MP: 5/5
  1842 | D:3      | Became a worshipper of Beogh the Shepherd
  1925 | D:3      | Found a radiant altar of Vehumet.
  2139 | D:3      | Reached XP level 5. HP: 28/28 MP: 3/6
  2180 | D:4      | HP: 1/25 [orc priest/divine providence (10)]
  2183 | D:4      | Slain by an orc priest

Illustrated notes

Levels and vault maps discovered:
D:1:      minmay_arrival_glassed_features, layout_basic,
          ebering_ecumenical_altar_sacrificial, serial_bayou,
          serial_bayou_shore_a, serial_bayou_ford_a, serial_bayou_pond_b,
          serial_bayou_shore_b, serial_shops, shop
D:2:      layout_loops_cross, mrwooster_statue_mirror
D:3:      layout_rooms, chequers_temple_overflow_statue_of_worship,
          serial_curves, eino_curves_01, eino_curves_03
D:4:      layout_loops_ring, minmay_temple_entry_butterflies

Skill      XL: |  1  2  3  4 |
---------------+-------------+-----
Fighting       | 3 |  3.3
Shields        | 3 |  3.3
Unarmed Combat | 3 |  3.7
Armour         | 3 |  3.0

Action                     |  1- 3 |  4- 6 || total
---------------------------+-------+-------++-------
  Melee: Unarmed           |    98 |    67 ||   165
         Bite              |    23 |    17 ||    40
 Invoke: Convert to Beogh  |       |     1 ||     1
    Use: Scroll            |     3 |       ||     3
         Potion            |       |     2 ||     2
 Armour: Scale mail        |    73 |    84 ||   157
  Dodge: Dodged            |    42 |    39 ||    81
  Block: Buckler           |    20 |    19 ||    39

Table legend: (Time is in decaauts)
 A = Elapsed time spent in this place.
 B = Non-inter-level travel time spent in this place.
 C = Inter-level travel time spent in this place.
 D = Time resting spent in this place.
 E = Time spent auto-exploring this place.
 F = Levels seen in this place.
 G = Mean time per level.
                   A        B        C        D        E       F      G
               +--------+--------+--------+--------+--------+-----+--------+
         Total |   2200 |   2063 |    137 |      0 |   1669 |   4 |  550.0 |
       Dungeon |   2200 |   2063 |    137 |      0 |   1669 |   4 |  550.0 |
               +--------+--------+--------+--------+--------+-----+--------+

Top non-repeatable levels by time:
     D:1: 887 daAuts
     D:2: 661 daAuts
     D:3: 628 daAuts
     D:4: 23 daAuts
